AoeStats
← Federico

Arabia

506159561Analyzed
1v1 RM · 18d ago on Sep 12, 2026· 27m 49s· 2 players
Game mode
Random Map
Map size
Tiny (2 player)
Population
200
Speed
Normal
Resources
Standard
Victory
Conquest
Starting age
Dark Age
Ending age
Imperial Age
RankedLock teamsTeams togetherTeam positionsShared explorationLock speedFull tech treeHidden civsTurbo modeCheats
Victory
Defeat
🇨🇭 Malay · Switzerland
821
+15
🇸🇰 Persians · Slovakia
797
-32
Jacobus
7:24 Loom
10:49 Feudal Age
11:51 Double-Bit Axe
22:03 Castle Age
21:40 Wheelbarrow
21:01 Gold Mining
20:56 Horse Collar
26:42 Elite Skirmisher
27:58 Fletching
28:09 Padded Archer Armor
Federico
3:12 Loom
10:46 Feudal Age
13:45 Horse Collar
19:18 Man-at-Arms
21:31 Forging
23:46 Castle Age
22:15 Scale Barding Armor
22:49 Long Swordsman
25:48 Husbandry
27:54 Fletching
Connection lost

Rejoining the realm…

Still unreachable

The connection could not be restored.

Session expired

The server has moved on; the page needs a fresh start.